 Dungeon Crawl Stone Soup version 0.27.1-2-g3b301248ec (webtiles) character file.

Game seed: 948570550036017460

122 Rickety the Conjurer (level 5, -3/37 HPs)
             Began as a Gnoll Conjurer on Sept 26, 2021.
             Slain by a hornet (7 damage)
             ... on level 4 of the Dungeon.
             The game lasted 00:05:03 (3520 turns).

Rickety the Conjurer (Gnoll Conjurer)               Turns: 3520, Time: 00:05:04

Health: -3/37      AC:  4    Str:  6    XL:     5   Next: 6%
Magic:  7/12       EV: 12    Int: 19    God:
Gold:   130        SH:  0    Dex: 10    Spells: 8/14 levels left

rFire    . . .     SeeInvis +   k - +0 whip (venom)
rCold    . . .     Faith    .   (no shield)
rNeg     + . .     Spirit   .   f - +0 leather armour
rPois    .         Reflect  .   (no helmet)
rElec    .         Harm     .   (no cloak)
rCorr    .         Rampage  .   q - +0 pair of gloves
Will     .....                  (no boots)
Stlth    ++........             (no amulet)
HPRegen  0.12/turn              i - ring of positive energy
MPRegen  0.13/turn              m - ring of see invisible

@: lethally poisoned (-3 -> -12), slowed, very slow
A: fangs 1, strong nose, distributed training
a: no special abilities


You were on level 4 of the Dungeon.
You visited 1 branch of the dungeon, and saw 4 of its levels.

You collected 130 gold pieces.

Inventory:

Hand Weapons
 k - a +0 whip of venom (weapon)
Armour
 a - a +0 robe
 d - a +0 kite shield
 f - a +0 leather armour (worn)
 q - a +0 pair of gloves (worn)
Jewellery
 i - a ring of positive energy (left hand)
 l - a ring of protection from cold
 m - a ring of see invisible (right hand)
Scrolls
 b - 2 scrolls of noise {unknown}
 g - a scroll of fog {unknown}
 h - a scroll of fear {unknown}
 j - 2 scrolls of enchant armour {unknown}
 n - a scroll of identify {unknown}
 o - 3 scrolls of teleportation {unknown}
 p - a scroll of magic mapping {unknown}
Potions
 c - a potion of ambrosia {unknown}
 e - a potion of degeneration {unknown}
 r - a potion of curing {unknown}
 s - a potion of brilliance {unknown}


   Skills:
 + Level 1.3 Fighting
 + Level 1.3 Short Blades
 + Level 1.3 Long Blades
 + Level 1.3 Axes
 + Level 1.3 Maces & Flails
 + Level 1.3 Polearms
 + Level 1.3 Staves
 + Level 1.3 Slings
 + Level 1.3 Bows
 + Level 1.3 Crossbows
 + Level 1.3 Throwing
 + Level 1.3 Armour
 + Level 4.7 Dodging
 + Level 4.3 Stealth
 + Level 1.3 Shields
 + Level 1.3 Unarmed Combat
 + Level 5.1 Spellcasting
 + Level 7.1 Conjurations
 + Level 1.1 Hexes
 + Level 1.1 Summonings
 + Level 1.1 Necromancy
 + Level 1.1 Translocations
 + Level 1.1 Transmutations
 + Level 1.1 Fire Magic
 + Level 1.1 Ice Magic
 + Level 1.1 Air Magic
 + Level 1.1 Earth Magic
 + Level 1.1 Poison Magic
 + Level 1.5 Invocations
 + Level 1.3 Evocations


You had 8 spell levels left.
You knew the following spells:

 Your Spells              Type           Power      Damage    Failure   Level
a - Magic Dart            Conj           100%       1d8       1%          1
d - Dazzling Flash        Conj/Hex       40%        N/A       11%         3
r - Searing Ray           Conj           64%        3d5       1%          2

Your spell library contained the following spells:

 Spells                   Type           Power      Damage    Failure   Level
 Passwall                 Tmut/Erth      7%         N/A       19%         2
 Fulminant Prism          Conj/Hex       10%        3d9       34%         4
 Iskenderun's Mystic Bla  Conj/Tloc      20%        2d6       34%         4
 Ozocubu's Armour         Ice            9%         N/A       36%         3
 Swiftness                Air            9%         N/A       36%         3
 Metabolic Englaciation   Hex/Ice        4%         N/A       98%         5
 Invisibility             Hex            4%         N/A       100%        6
 Simulacrum               Ice/Necr       4%         N/A       100%        6


Dungeon Overview and Level Annotations

Branches:
Dungeon (4/15)
 Temple: D:4-7

Altars:


Innate Abilities, Weirdness & Mutations

You have very sharp teeth.
Your uncanny sense of smell can sniff out nearby items.
Your experience applies equally to all skills.


Message History

Okay, then.
Done exploring.
Done exploring.
There is a stone staircase leading down here.
You climb downwards.
There is a stone staircase leading up here.
You climb upwards.
There is a stone staircase leading down here.
There is a stone staircase leading down here.
You climb downwards.
There is a stone staircase leading up here.
Casting: Magic Dart (safe; 1% risk of failure)
Confirm with . or Enter, or press ? or * to list all spells.
Aiming: Searing Ray (safe; 1% risk of failure)
Press: ? - help, Shift-Dir - straight line, f - hornet
Aim: a hornet (asleep, 100% to hit)
The searing ray hits the hornet.
The hornet is lightly wounded.
The hornet buzzes angrily. (Press . to maintain the ray.)
The hornet stings you!
You feel yourself slow down.
The searing ray hits the hornet!
The hornet is moderately wounded.
The hornet stings you but does no damage.
The hornet closely misses you.
The searing ray hits the hornet!
The hornet is severely wounded.
The hornet stings you!
You are poisoned.
You feel as though you will be slow longer.
The hornet stings you.
* * * LOW HITPOINT WARNING * * *
You feel as though you will be slow longer.
The searing ray hits the hornet.
The hornet is severely wounded.
You finish channeling your searing ray.
* * * LOW HITPOINT WARNING * * *
You feel very sick. The hornet barely misses you. The hornet stings you!
You die... ############# #....y@.....+ #.#####.##### .# .# .# .# .# .#

You could see a hornet.

Vanquished Creatures
  An orc wizard (D:3)
  A gnoll (D:1)
  An adder (D:3)
  A worm (D:2)
  3 dart slugs
  3 orcs (D:3)
  6 bats
  4 endoplasms
  3 giant cockroaches
  5 goblins
  8 hobgoblins
  4 kobolds
  4 quokkas
  9 ball pythons
  3 frilled lizards
  3 rats
59 creatures vanquished.

Notes
Turn   | Place    | Note
-------+----------+-------------------------------------------
     0 | D:1      | Rickety the Gnoll Conjurer began the quest for the Orb.
     0 | D:1      | Reached XP level 1. HP: 13/13 MP: 6/6
    26 | D:1      | Noticed a salamander
    27 | D:1      | Noticed a wyvern
    76 | D:1      | You fall into a shaft and drop 1 floor!
   113 | D:2      | Reached XP level 2. HP: 19/19 MP: 5/7
   116 | D:2      | Learned a level 2 spell: Searing Ray
   647 | D:1      | Reached skill level 5 in Spellcasting
   647 | D:1      | Reached XP level 3. HP: 25/25 MP: 2/9
   651 | D:1      | Learned a level 3 spell: Dazzling Flash
   872 | D:1      | Reached skill level 1 in Invocations
  1023 | D:1      | You fall into a shaft and drop 1 floor!
  1424 | D:2      | Reached skill level 1 in Fighting
  1424 | D:2      | Reached skill level 1 in Short Blades
  1424 | D:2      | Reached skill level 1 in Long Blades
  1424 | D:2      | Reached skill level 1 in Axes
  1424 | D:2      | Reached skill level 1 in Maces & Flails
  1424 | D:2      | Reached skill level 1 in Polearms
  1424 | D:2      | Reached skill level 1 in Staves
  1424 | D:2      | Reached skill level 1 in Slings
  1424 | D:2      | Reached skill level 1 in Bows
  1424 | D:2      | Reached skill level 1 in Crossbows
  1424 | D:2      | Reached skill level 1 in Throwing
  1424 | D:2      | Reached skill level 1 in Armour
  1424 | D:2      | Reached skill level 1 in Shields
  1424 | D:2      | Reached skill level 1 in Unarmed Combat
  1424 | D:2      | Reached skill level 1 in Evocations
  1577 | D:2      | Reached XP level 4. HP: 32/32 MP: 8/11
  2714 | D:3      | Reached skill level 1 in Hexes
  2714 | D:3      | Reached skill level 1 in Summonings
  2714 | D:3      | Reached skill level 1 in Necromancy
  2714 | D:3      | Reached skill level 1 in Translocations
  2714 | D:3      | Reached skill level 1 in Transmutations
  2714 | D:3      | Reached skill level 1 in Fire Magic
  2714 | D:3      | Reached skill level 1 in Ice Magic
  2714 | D:3      | Reached skill level 1 in Air Magic
  2714 | D:3      | Reached skill level 1 in Earth Magic
  2714 | D:3      | Reached skill level 1 in Poison Magic
  3026 | D:3      | Reached XP level 5. HP: 37/37 MP: 10/12
  3516 | D:4      | Noticed a hornet
  3520 | D:4      | Slain by a hornet

Illustrated notes

Levels and vault maps discovered:
D:1:      onia_arrival_zoo_common, layout_loops_ring
D:2:      layout_basic, minmay_vboxes
D:3:      layout_basic
D:4:      layout_basic, kennysheep_mini_moat, minitemple, kennysheep_mini,
          minmay_temple_entry_statues_pillars, minmay_cut_off

Skill      XL: |  1  2  3  4 |
---------------+-------------+-----
Spellcasting   | 5 |  5.1
Invocations    | 1 |  1.5
Fighting       | 1 |  1.3
Short Blades   | 1 |  1.3
Long Blades    | 1 |  1.3
Axes           | 1 |  1.3
Maces & Flails | 1 |  1.3
Polearms       | 1 |  1.3
Staves         | 1 |  1.3
Slings         | 1 |  1.3
Bows           | 1 |  1.3
Crossbows      | 1 |  1.3
Throwing       | 1 |  1.3
Armour         | 1 |  1.3
Shields        | 1 |  1.3
Unarmed Combat | 1 |  1.3
Evocations     | 1 |  1.3
Hexes          | 1 |  1.1
Summonings     | 1 |  1.1
Necromancy     | 1 |  1.1
Translocations | 1 |  1.1
Transmutations | 1 |  1.1
Fire Magic     | 1 |  1.1
Ice Magic      | 1 |  1.1
Air Magic      | 1 |  1.1
Earth Magic    | 1 |  1.1
Poison Magic   | 1 |  1.1
Dodging        | |  4.7
Stealth        | |  4.3
Conjurations   | |  7.1

Action                   |  1- 3 |  4- 6 || total
-------------------------+-------+-------++-------
Melee: Whip              |       |     1 ||     1
 Cast: Magic Dart        |    66 |    41 ||   107
       Searing Ray       |       |     3 ||     3
Armor: Leather armour    |       |     2 ||     2
Dodge: Dodged            |     2 |     3 ||     5
